 Dungeon Crawl Stone Soup version 0.28-a0-687-gb91baff9cc (webtiles) character file.

Game seed: 8668521460716242163

72 Sirial the Skirmisher (level 4, -5/36 HPs)
             Began as a Demonspawn Abyssal Knight on Oct 19, 2021.
             Was a Believer of Lugonu.
             Slain by an orc (11 damage)
             ... on level 3 of the Dungeon.
             The game lasted 00:06:13 (3090 turns).

Sirial the Skirmisher (Demonspawn Abyssal Knight)   Turns: 3090, Time: 00:06:13

Health: -5/36      AC:  1    Str: 14    XL:     4   Next: 6%
Magic:  6/6        EV: 11    Int: 11    God:    Lugonu [**....]
Gold:   127        SH:  0    Dex: 18    Spells: 3/3 levels left

rFire   . . .      SeeInvis .   a - +1 falchion
rCold   . . .      Faith    .   (no shield)
rNeg    . . .      Spirit   .   b - +0 leather armour
rPois   .          Reflect  .   (no helmet)
rElec   .          Harm     .   (no cloak)
rCorr   .          Rampage  .   (no gloves)
Will    .....                   (no boots)
Stlth   ++++......              (no amulet)
HPRegen 0.12/turn               (no ring)
MPRegen 0.10/turn               (no ring)

@: no status effects
A: thin skeletal structure 2, powered by death 1, deformed body, subdued magic
1, devolution 1
a: Renounce Religion, Depart the Abyss, Bend Space


You were on level 3 of the Dungeon.
You worshipped Lugonu.
Lugonu was pleased with you.
You visited 1 branch of the dungeon, and saw 3 of its levels.
You visited the Abyss 1 time.

You collected 127 gold pieces.

Inventory:

Hand Weapons
 a - a +1 falchion (weapon)
Armour
 b - a +0 leather armour (worn)
Scrolls
 d - a scroll of fear {unknown}
 e - 2 scrolls of teleportation
Potions
 c - 2 potions of lignification
 f - a potion of curing


   Skills:
 + Level 3.6 Fighting
 + Level 2.3 Long Blades
 + Level 2.2 Armour
 + Level 1.4 Dodging
 + Level 1.0 Stealth
 + Level 2.7 Invocations


You had 3 spell levels left.
You didn't know any spells.
Your spell library was empty.

Dungeon Overview and Level Annotations

Branches:
Dungeon (3/15)

Altars:

Shops:
D:3 :


Innate Abilities, Weirdness & Mutations

You have a moderately thin skeletal structure. (Dex +4, Stealth++)
You regenerate a little health from kills.
Armour fits poorly on your strangely shaped body.
Your spells are a little easier to cast, but a little less powerful.
You have hidden genetic defects.


Message History

You hit the orc but do no damage.
The orc is heavily wounded.
The orc hits you with a +0 hand axe.
You hit the orc.
The orc is severely wounded.
The orc misses you.
You barely miss the orc.
The orc is severely wounded.
You hit the orc.
The orc is moderately wounded.
The orc misses you.
You hit the orc.
You kill the orc!
Lugonu accepts your kill. The orc barely misses you.
The orc hits you with a +0 flail! The orc hits you but does no damage.
Your Stealth skill increases to level 1!
The orc closely misses you.
You hit the orc but do no damage.
The orc is severely wounded.
The orc hits you with a +0 hand axe. The orc barely misses you.
The orc closely misses you. x2
You hit the orc.
The orc is heavily wounded.
The orc hits you with a +0 flail!
* * * LOW HITPOINT WARNING * * *
You feel a genetic drift.
Your body twists and deforms.
You barely miss the orc.
The orc is heavily wounded.
You barely miss the orc.
The orc is severely wounded.
The orc hits you with a +0 hand axe.
* * * LOW HITPOINT WARNING * * *
The orc barely misses you.
You hit the orc.
You kill the orc!
Lugonu accepts your kill.
You can now bend space around yourself.
The orc hits you with a +0 flail!
You die...

...#+#.#.........##.#.#.#.#..)...
...#...#.........####.....###....
..######.........# #.....# #....
..'..............####.....# #....
..#######>.........##.....# #....
..'...).#..#####.#..+............
..#####.#(..........#.....###....
.## #.#....#....# ..... ..#
#.+....)@?..#
#######+###....#o...#
#.............+....#
......)†......##..##
..............# #.#
..............# ..
......######### ..# ...... ...
###...


You could see an orc.

Vanquished Creatures
  2 adders (D:2)
  3 orcs (D:3)
  5 ball pythons
  3 bats (D:2)
  5 endoplasms
  A giant cockroach (D:2)
  2 goblins
  6 hobgoblins
  7 jackals
  7 kobolds
  A quokka (D:1)
  2 frilled lizards
  A rat (D:2)
45 creatures vanquished.

Notes
Turn   | Place    | Note
-------+----------+-------------------------------------------
     0 | Abyss:1  | Sirial the Demonspawn Abyssal Knight began the quest for
                  | the Orb.
     0 | Abyss:1  | Reached XP level 1. HP: 18/18 MP: 2/2
    96 | Abyss:1  | Found a corrupted altar of Lugonu.
   125 | D:1      | Escaped the Abyss
   508 | D:1      | Reached * piety under Lugonu
   641 | D:1      | Gained mutation: You regenerate a little health from kills.
                  | [demonic ancestry]
   641 | D:1      | Reached XP level 2. HP: 24/24 MP: 3/3
   645 | D:1      | You fall into a shaft and drop 1 floor!
  1432 | D:1      | Reached skill level 1 in Dodging
  1682 | D:2      | Gained mutation: You have a somewhat thin skeletal
                  | structure. (Dex +2, Stealth+) [demonic ancestry]
  1682 | D:2      | Reached XP level 3. HP: 29/29 MP: 5/5
  2396 | D:2      | Found a faded altar of an unknown god.
  2824 | D:2      | Gained mutation: You have hidden genetic defects. [potion
                  | of mutation]
  2824 | D:2      | Gained mutation: Your spells are a little easier to cast,
                  | but a little less powerful. [potion of mutation]
  3025 | D:3      | Found Kuluowoup's Book Shoppe.
  3036 | D:3      | Gained mutation: You have a moderately thin skeletal
                  | structure. (Dex +4, Stealth++) [demonic ancestry]
  3036 | D:3      | Reached XP level 4. HP: 36/36 MP: 6/6
  3077 | D:3      | Reached skill level 1 in Stealth
  3087 | D:3      | Gained mutation: Armour fits poorly on your strangely
                  | shaped body. [hidden defects]
  3090 | D:3      | Reached ** piety under Lugonu
  3090 | D:3      | Slain by an orc

Illustrated notes

Levels and vault maps discovered:
D:1:      dpeg_arrival_chambers_temple_mockup, layout_basic,
          minmay_misc_feat_pillars, chequers_serial_rivers_micro_a
D:2:      layout_basic, hellmonk_ecumenical_altar_inner_sanctum,
          minmay_tiny_reverse_x
D:3:      layout_basic, serial_shops, nicolae_shop_stone, minmay_liquid_box,
          st_stairs_9, kennysheep_pointless_box

Skill      XL: |  1  2  3  4 |
---------------+-------------+-----
Long Blades    | 2 |  2.3
Armour         | 2 |  2.2
Dodging        | 1 |  1.4
Stealth        | 1 |  1.0
Fighting       | |  3.6
Invocations    | |  2.7

Action                   |  1- 3 |  4- 6 || total
-------------------------+-------+-------++-------
Melee: Falchion          |   136 |    14 ||   150
Invok: Depart the Abyss  |     1 |       ||     1
  Use: Scroll            |     4 |       ||     4
       Potion            |     5 |       ||     5
 Stab: Sleeping          |     3 |     1 ||     4
Armor: Leather armour    |    40 |     1 ||    41
Dodge: Dodged            |   108 |    11 ||   119

Table legend: (Time is in decaauts)
 A = Elapsed time spent in this place.
 B = Non-inter-level travel time spent in this place.
 C = Inter-level travel time spent in this place.
 D = Time resting spent in this place.
 E = Time spent auto-exploring this place.
 F = Levels seen in this place.
 G = Mean time per level.
                   A        B        C        D        E       F      G
               +--------+--------+--------+--------+--------+-----+--------+
         Total |   3107 |   3052 |     55 |      0 |   2428 |   4 |  776.8 |
       Dungeon |   2982 |   2927 |     55 |      0 |   2428 |   3 |  994.0 |
         Abyss |    125 |    125 |      0 |      0 |      0 |   1 |  125.0 |
               +--------+--------+--------+--------+--------+-----+--------+

Top non-repeatable levels by time:
     D:1: 1427 daAuts
     D:2: 1348 daAuts
     D:3: 206 daAuts
 Abyss:1: 125 daAuts
